 Dungeon Sprint DCSS version 0.31-a0-879-g1609e0ac53 (webtiles) character file.

Game seed: 10823940904581379702

3596 sircluck the Grappler (level 9, -1/106 HPs)
             Began as a Troll Berserker on Oct 14, 2023.
             Was a Priest of Trog.
             Slain by a deep troll (19 damage)
             ... in the Dungeon (Sprint VII: "The Pits").
             The game lasted 00:02:12 (380 turns).

sircluck the Grappler (Troll Berserker)              Turns: 380, Time: 00:02:12

Health: -1/106     AC:  6    Str: 31    XL:     9   Next: 85%
Magic:  8/8        EV: 13    Int:  3    God:    Trog [***...]
Gold:   0          SH:  0    Dex:  9    Spells: 8/8 levels left

rFire   . .          .
                       - Unarmed
rCold   . . .        (no shield)
rNeg    . . .        a - +0 animal skin
rPois   .            h - +2 hat {Stlth+}
rElec   .            (no cloak)
rCorr   .            (gloves unavailable)
SInv    .            (boots unavailable)
Will    .....        (no amulet)
Stlth   ++           (no ring)
HPRegen 1.17/turn    (no ring)
MPRegen 0.11/turn

%: no teleportation
@: on berserk cooldown, slowed, very slow
A: large, unfitting armour, claws 3, regeneration 1, shaggy fur 1, tough skin 1
a: Renounce Religion, Berserk, Trog's Hand


You were in the Dungeon.
You worshipped Trog.
Trog was most pleased with you.
You visited 1 branch

Inventory:

Armour
 a - a +0 animal skin (worn)
 h - a +2 hat of stealth (worn)
Potions
 b - a potion of curing
 d - a potion of haste
 e - 2 potions of magic
 f - a potion of berserk rage


   Skills:
 + Level 11.7 Fighting
 + Level 11.5 Dodging
 + Level 13.6 Unarmed Combat


You had 8 spell levels left.
You didn't know any spells.
Your spell library was empty.

Dungeon Overview and Level Annotations

Branches:
Dungeon (1/1)

Altars:


Innate Abilities, Weirdness & Mutations

You are too large for most types of armour.
You have claws for hands.
Your natural rate of healing is unusually fast.
You are covered in fur. (AC +1)
You have tough skin. (AC +1)


Message History

You fail to use your ability.
You barely miss the deep troll.
The deep troll is severely wounded.
The deep troll bites you!
* * * LOW HITPOINT WARNING * * *
The deep troll misses you. The deep troll closely misses you.
The deep troll bites you.
* * * LOW HITPOINT WARNING * * *
The deep troll misses you. The deep troll barely misses you.
You barely miss the deep troll.
The deep troll is severely wounded.
The deep troll barely misses you. The deep troll misses you.
The deep troll claws you!
* * * LOW HITPOINT WARNING * * *
Unknown command.
Unknown command.
Unknown command.
Blink to where?
Press: ? - help, Q - select action, (/) - cycle Dir - move target
As you read the scroll of blinking, it crumbles to dust.
You fail to use your ability.
Your polar bear goes berserk!
You can no longer call in reinforcements.
The deep troll bites your polar bear! The deep troll claws your polar bear.
The deep troll claws your polar bear but does no damage.
Your polar bear bites the deep troll.
Your polar bear claws the deep troll but does no damage.
Your polar bear misses the deep troll.
The deep troll bites your polar bear!! The deep troll claws your polar bear.
The deep troll claws your polar bear!
Your polar bear barely misses the deep troll.
Your polar bear claws the deep troll. x2
Your polar bear closely misses the deep troll.
Your polar bear claws the deep troll but does no damage. x2
The deep troll bites your polar bear!
Your polar bear dies!
Your polar bear's corpse disappears in a puff of smoke!
You scratch the deep troll but do no damage.
The deep troll is severely wounded.
The deep troll bites you!!
You die...

+................+
#.....†#..#......#
#.......†........#
####'#####''######
#.......##÷'# ####
#.......##÷.# ...
#.......##..# #'#
#...<...##..# ##.##
#.......##@.# ##...##
#.......##T.####.....#
#.......##...##).....#..
##########...†).S....'...'
#.†)##......#...#
#..####.....# .## #.)#
##...## #..# ##.## #..#
#'#


You could see a deep troll.

Vanquished Creatures
  Gastronok (D)
  A deep troll (D)
  An orc knight (D)
  An ice devil (D)
  A jumping spider (D)
  A ynoxinul (D)
  3 vampire mosquitoes (D)
  An orc warrior (D)
  6 wolves (D)
  An orc (D)
17 creatures vanquished.

Vanquished Creatures (collateral kills)
  An orc warrior (D)
  An adder (D)
2 creatures vanquished.

Grand Total: 19 creatures vanquished

Notes
Turn   | Place    | Note
-------+----------+-------------------------------------------
     0 | D        | sircluck the Troll Berserker began the quest for the Orb.
     0 | D        | Reached XP level 1. HP: 22/22 MP: 0/0
    13 | D        | Noticed a vampire mosquito
    13 | D        | Noticed a vampire mosquito
    13 | D        | Noticed a vampire mosquito
    13 | D        | Noticed a spriggan druid
    28 | D        | Killed a vampire mosquito
    29 | D        | Reached skill level 5 in Fighting
    29 | D        | Reached skill level 5 in Dodging
    29 | D        | Reached skill level 6 in Unarmed Combat
    29 | D        | Reached XP level 2. HP: 16/35 MP: 1/1
    29 | D        | Reached XP level 3. HP: 20/42 MP: 2/2
    29 | D        | Reached XP level 4. HP: 23/50 MP: 3/3
    31 | D        | Killed a vampire mosquito
    32 | D        | Reached skill level 7 in Unarmed Combat
    32 | D        | Reached XP level 5. HP: 16/61 MP: 4/4
    81 | D        | Noticed a wolf
    81 | D        | Noticed a wolf
    81 | D        | Noticed a wolf
    82 | D        | Noticed a wolf
    89 | D        | Killed a vampire mosquito
    89 | D        | Reached ** piety under Trog
    90 | D        | Reached skill level 8 in Unarmed Combat
    90 | D        | Reached XP level 6. HP: 69/71 MP: 5/5
    98 | D        | Reached skill level 9 in Unarmed Combat
   107 | D        | Noticed a deep troll
   114 | D        | Reached XP level 7. HP: 40/79 MP: 6/6
   122 | D        | Killed a deep troll
   122 | D        | Reached *** piety under Trog
   123 | D        | Reached skill level 10 in Unarmed Combat
   123 | D        | Reached XP level 8. HP: 33/92 MP: 7/7
   172 | D        | Reached skill level 11 in Unarmed Combat
   222 | D        | Reached **** piety under Trog
   224 | D        | Noticed an ice devil
   233 | D        | Killed an ice devil
   234 | D        | Reached skill level 10 in Fighting
   234 | D        | Reached skill level 10 in Dodging
   234 | D        | Noticed Gastronok
   250 | D        | Killed Gastronok
   251 | D        | Reached skill level 13 in Unarmed Combat
   251 | D        | Reached XP level 9. HP: 22/105 MP: 8/8
   340 | D        | Reached ***** piety under Trog
   344 | D        | Noticed an orc knight
   346 | D        | Noticed a deep troll
   365 | D        | Killed an orc knight
   380 | D        | Slain by a deep troll

Illustrated notes

Levels and vault maps discovered:
D:        pitsprint [storerooms_1, entrance_room_1, metal_vault_3, armoury_1,
          mini_pit_1, grid_room_1, main_hall_1, silver_pit, the_coven_3,
          the_vestibule_1, steel_vault_5, golden_pit, hallway_of_sentries,
          crystal_vault_5, iron_vault_3, final_vault]

Skill      XL: |  1  2  3  4  5  6  7  8 |
---------------+-------------------------+-----
Fighting       | 5 6 7 9 11 | 11.7
Dodging        | 5 6 7 9 11 | 11.5
Unarmed Combat | 6 7 8 9 10 13 | 13.6

Action                     |  1- 3 |  4- 6 |  7- 9 || total
---------------------------+-------+-------+-------++-------
  Melee: Unarmed           |     8 |    16 |    51 ||    75
         Punch             |       |       |     5 ||     5
 Invoke: Berserk           |     1 |       |     3 ||     4
         Brothers in Arms  |       |       |     3 ||     3
    Use: Scroll            |       |       |     1 ||     1
         Potion            |       |       |     1 ||     1
 Armour: Animal skin       |    11 |    16 |    47 ||    74
  Dodge: Dodged            |    11 |    11 |    37 ||    59

Table legend: (Time is in decaauts)
 A = Elapsed time spent in this place.
 B = Non-inter-level travel time spent in this place.
 C = Inter-level travel time spent in this place.
 D = Time resting spent in this place.
 E = Time spent auto-exploring this place.
 F = Levels seen in this place.
 G = Mean time per level.
                   A        B        C        D        E       F      G
               +--------+--------+--------+--------+--------+-----+--------+
         Total |    420 |    420 |      0 |    188 |     12 |   1 |  420.0 |
       Dungeon |    420 |    420 |      0 |    188 |     12 |   1 |  420.0 |
               +--------+--------+--------+--------+--------+-----+--------+

Top non-repeatable levels by time:
       D: 420 daAuts
